TOP OF THE 1ST |
Chicago White Sox batting - Pitching for Detroit Tigers : RHP Melvin Medellin
|
Pitching: RHP Melvin Medellin
|
|
Batting: SHB Alfie Bungledorf
|
0-0: Ball 1-0: Swinging Strike 1-1: SINGLE (Groundball, 25, EV 76.2 MPH) (infield hit)
|
Batting: SHB Bartholomeu Chambino
|
0-0: Called Strike 0-1: Foul Ball, location: 2F 0-2: Foul Ball, location: 2F 0-2: Grounds into double play, 6-4-3 (Groundball, 6MD, EV 108.1 MPH)
|
Batting: LHB Randy Rosenberry
|
0-0: Ball 1-0: Called Strike 1-1: Swinging Strike 1-2: Fly out, F5 (Popup, 56S, EV 73.8 MPH)
|
Top of the 1st over - 0 runs, 1 hit, 0 errors, 0 left on base; Chicago 0 - Detroit 0 |
BOTTOM OF THE 1ST |
Detroit Tigers batting - Pitching for Chicago White Sox : RHP Xenophon Valvis
|
Pitching: RHP Xenophon Valvis
|
|
Batting: RHB Rich Stinson
|
0-0: SINGLE (Line Drive, 8RS, EV 103.1 MPH)
|
Batting: RHB Andres Leon
|
0-0: Ball 1-0: Called Strike 1-1: Grounds into double play, 4-6-3 (Groundball, 34, EV 110.0 MPH)
|
Batting: LHB Frank McConnell
|
0-0: Ball 1-0: Fly out, F9 (Line Drive, 9S, EV 92.5 MPH)
|
Bottom of the 1st over - 0 runs, 1 hit, 0 errors, 0 left on base; Chicago 0 - Detroit 0 |
TOP OF THE 2ND |
Chicago White Sox batting - Pitching for Detroit Tigers : RHP Melvin Medellin
|
Batting: RHB Joseph Disepolo
|
0-0: Called Strike 0-1: Ball 1-1: Swinging Strike 1-2: Foul Ball, location: 2F 1-2: Ball 2-2: Ground out 4-3 (Groundball, 4, EV 95.0 MPH)
|
Batting: SHB Gus Berry
|
0-0: Ball 1-0: Fly out, F9 (Flyball, 89M, EV 83.8 MPH)
|
Batting: RHB Dietmar Warmisch
|
0-0: Called Strike 0-1: Ball 1-1: Fly out, F8 (Flyball, 8LD, EV 75.6 MPH)
|
Top of the 2nd over - 0 runs, 0 hits, 0 errors, 0 left on base; Chicago 0 - Detroit 0 |
BOTTOM OF THE 2ND |
Detroit Tigers batting - Pitching for Chicago White Sox : RHP Xenophon Valvis
|
Batting: LHB Conrad Taylor
|
0-0: Ball 1-0: Foul Ball, location: 2F 1-1: Ground out 3-1 (Groundball, 34, EV 111.2 MPH)
|
Batting: LHB Tyler Davis
|
0-0: Called Strike 0-1: Foul Ball, location: 2F 0-2: Ball 1-2: SINGLE (Groundball, 34D, EV 95.0 MPH)
|
Batting: SHB Ross Holland
|
0-0: Called Strike 0-1: Ball 1-1: Swinging Strike 1-2: SINGLE (Groundball, 4MD, EV 98.1 MPH) (infield hit) Tyler Davis to second
|
Batting: SHB Adam Weber
|
0-0: Ball 1-0: Grounds into double play, 4-6-3 (Groundball, 4, EV 82.5 MPH)
|
Bottom of the 2nd over - 0 runs, 2 hits, 0 errors, 1 left on base; Chicago 0 - Detroit 0 |
TOP OF THE 3RD |
Chicago White Sox batting - Pitching for Detroit Tigers : RHP Melvin Medellin
|
Batting: RHB Dieter Knoops
|
0-0: Ball 1-0: Fly out, F7 (Line Drive, 7, EV 93.1 MPH)
|
Batting: LHB Sidney Pedder
|
0-0: Ball 1-0: Called Strike 1-1: Foul Ball, location: 2F 1-2: Ball 2-2: Ball 3-2: Foul Ball, location: 2F 3-2: Foul Ball, location: 2F 3-2: Strikes out swinging
|
Batting: RHB Brad Boals
|
0-0: Swinging Strike 0-1: Swinging Strike 0-2: SOLO HOME RUN (Flyball, 78XD, EV 102.5 MPH), Distance : 409 ft
|
Batting: SHB Alfie Bungledorf
|
0-0: Swinging Strike 0-1: Ball 1-1: SINGLE (Groundball, 4D, EV 106.2 MPH)
|
Batting: SHB Bartholomeu Chambino
|
0-0: Ball 1-0: Ball 2-0: Ball 3-0: Called Strike 3-1: Foul Ball, location: 2F 3-2: Base on Balls Alfie Bungledorf to second
|
Batting: LHB Randy Rosenberry
|
0-0: Ball 1-0: Ball 2-0: Ball 3-0: Base on Balls Alfie Bungledorf to third Bartholomeu Chambino to second
|
Batting: RHB Joseph Disepolo
|
0-0: Ball 1-0: Called Strike 1-1: Foul Ball, location: 2F 1-2: Foul Ball, location: 2F 1-2: Fielders Choice at 2nd, 5-4 (Groundball, 56, EV 81.9 MPH)
|
Top of the 3rd over - 1 run, 2 hits, 0 errors, 3 left on base; Chicago 1 - Detroit 0 |
BOTTOM OF THE 3RD |
Detroit Tigers batting - Pitching for Chicago White Sox : RHP Xenophon Valvis
|
Batting: RHB Adrian Novakovic
|
0-0: Swinging Strike 0-1: Ball 1-1: Foul Ball, location: 2F 1-2: Foul Ball, location: 2F 1-2: Ball 2-2: Strikes out swinging
|
Batting: RHB Jerry Jauregui
|
0-0: Ground out 4-3 (Groundball, 4M, EV 101.2 MPH)
|
Batting: RHB Rich Stinson
|
0-0: Called Strike 0-1: Ball 1-1: Fly out, F3 (Line Drive, 34D, EV 71.9 MPH)
|
Bottom of the 3rd over - 0 runs, 0 hits, 0 errors, 0 left on base; Chicago 1 - Detroit 0 |
TOP OF THE 4TH |
Chicago White Sox batting - Pitching for Detroit Tigers : RHP Melvin Medellin
|
Batting: SHB Gus Berry
|
0-0: SINGLE (Groundball, 56, EV 94.4 MPH)
|
Batting: RHB Dietmar Warmisch
|
0-0: Foul Ball, location: 2F 0-1: Swinging Strike 0-2: Strikes out looking
|
Batting: RHB Dieter Knoops
|
0-0: Ball 1-0: Called Strike 1-1: Fly out, F8 (Flyball, 8RD, EV 88.8 MPH)
|
Batting: LHB Sidney Pedder
|
0-0: Ball 1-0: Ball 2-0: Ball 3-0: Called Strike 3-1: Base on Balls Gus Berry to second
|
Batting: RHB Brad Boals
|
0-0: Called Strike 0-1: Called Strike 0-2: Strikes out swinging
|
Top of the 4th over - 0 runs, 1 hit, 0 errors, 2 left on base; Chicago 1 - Detroit 0 |
BOTTOM OF THE 4TH |
Detroit Tigers batting - Pitching for Chicago White Sox : RHP Xenophon Valvis
|
Batting: RHB Andres Leon
|
0-0: Ball 1-0: Fly out, F9 (Line Drive, 9LS, EV 93.8 MPH)
|
Batting: LHB Frank McConnell
|
0-0: DOUBLE (Line Drive, 9LD, EV 107.5 MPH)
|
Batting: LHB Conrad Taylor
|
0-0: Ground out 4-3 (Groundball, 4, EV 82.5 MPH) Frank McConnell to third
|
Batting: LHB Tyler Davis
|
0-0: SINGLE (Line Drive, 7S, EV 92.5 MPH) Frank McConnell scores
|
Batting: SHB Ross Holland
|
0-0: Ball 1-0: Called Strike 1-1: Foul Ball, location: 2F 1-2: Ball 2-2: Ground out 6-3 (Groundball, P, EV 80.0 MPH)
|
Bottom of the 4th over - 1 run, 2 hits, 0 errors, 1 left on base; Chicago 1 - Detroit 1 |
TOP OF THE 5TH |
Chicago White Sox batting - Pitching for Detroit Tigers : RHP Melvin Medellin
|
Batting: SHB Alfie Bungledorf
|
0-0: Called Strike 0-1: Called Strike 0-2: Strikes out swinging
|
Batting: SHB Bartholomeu Chambino
|
0-0: Ball 1-0: Called Strike 1-1: Ball 2-1: Foul Ball, location: 2F 2-2: Ball 3-2: Foul Ball, location: 2F 3-2: Foul Ball, location: 2F 3-2: Foul Ball, location: 2F 3-2: Base on Balls
|
Batting: LHB Randy Rosenberry
|
0-0: Ball 1-0: Ball 2-0: SINGLE (Groundball, 6D, EV 96.9 MPH) Bartholomeu Chambino to second
|
Batting: RHB Joseph Disepolo
|
0-0: Called Strike 0-1: Ball 1-1: Ball 2-1: Foul Ball, location: 2F 2-2: Strikes out swinging
|
Batting: SHB Gus Berry
|
0-0: Ball 1-0: Called Strike 1-1: Ball 2-1: TRIPLE (Line Drive, 89XD, EV 106.2 MPH) Bartholomeu Chambino scores Randy Rosenberry scores
|
Batting: RHB Dietmar Warmisch
|
0-0: Ball 1-0: Called Strike 1-1: Swinging Strike 1-2: Ball 2-2: Strikes out swinging
|
Top of the 5th over - 2 runs, 2 hits, 0 errors, 1 left on base; Chicago 3 - Detroit 1 |
BOTTOM OF THE 5TH |
Detroit Tigers batting - Pitching for Chicago White Sox : RHP Xenophon Valvis
|
Batting: SHB Adam Weber
|
0-0: Called Strike 0-1: Ball 1-1: SINGLE (Line Drive, 56D, EV 96.9 MPH)
|
Batting: RHB Adrian Novakovic
|
0-0: Ball 1-0: Foul Ball, location: 2F 1-1: Foul Ball, location: 2F 1-2: Strikes out swinging
|
Batting: RHB Jerry Jauregui
|
0-0: Ball 1-0: Grounds into double play, 6-4-3 (Groundball, 56, EV 106.2 MPH)
|
Bottom of the 5th over - 0 runs, 1 hit, 0 errors, 0 left on base; Chicago 3 - Detroit 1 |
TOP OF THE 6TH |
Chicago White Sox batting - Pitching for Detroit Tigers : RHP Melvin Medellin
|
Batting: RHB Dieter Knoops
|
0-0: Ball 1-0: Called Strike 1-1: Foul Ball, location: 2F 1-2: Foul Ball, location: 2F 1-2: Ball 2-2: Fly out, F8 (Flyball, 8RM, EV 87.5 MPH)
|
Pitching: RHP Steve McGaughey
|
|
Batting: LHB Sidney Pedder
|
0-0: Foul Ball, location: 2F 0-1: Swinging Strike 0-2: SINGLE (Groundball, 34S, EV 98.1 MPH)
|
Batting: RHB Brad Boals
|
0-0: Ball 1-0: Called Strike Sidney Pedder steals 2nd base 1-1: Foul Ball, location: 2F 1-2: SINGLE (Flyball, 8LS, EV 97.5 MPH) Sidney Pedder to third Runner from 3rd tries for Home, SAFE, throw by CF to home
|
Batting: SHB Alfie Bungledorf
|
0-0: Ball 1-0: Ball 2-0: Ball 3-0: Called Strike 3-1: Base on Balls Brad Boals to second
|
Batting: SHB Bartholomeu Chambino
|
0-0: Ball 1-0: Called Strike 1-1: Ball 2-1: Foul Ball, location: 2F 2-2: DOUBLE (Line Drive, 9LS, EV 110.6 MPH) Brad Boals scores Alfie Bungledorf to third
|
Batting: LHB Randy Rosenberry
|
0-0: Ball 1-0: Called Strike 1-1: Called Strike 1-2: Foul Ball, location: 2F 1-2: Fly out, F7 (Flyball, 78M, EV 90.6 MPH) Runner from 3rd tags up, SCORES, no throw by LF
|
Batting: RHB Joseph Disepolo
|
0-0: Called Strike 0-1: Ball 1-1: Fly out, F7 (Flyball, 78M, EV 96.9 MPH)
|
Top of the 6th over - 3 runs, 3 hits, 0 errors, 1 left on base; Chicago 6 - Detroit 1 |
BOTTOM OF THE 6TH |
Detroit Tigers batting - Pitching for Chicago White Sox : RHP Xenophon Valvis
|
Batting: RHB Rich Stinson
|
0-0: Foul Ball, location: 2F 0-1: Fly out, F7 (Line Drive, 78M, EV 99.4 MPH)
|
Batting: RHB Andres Leon
|
0-0: Swinging Strike 0-1: Ball 1-1: Ball 2-1: Foul Ball, location: 2F 2-2: Ball 3-2: Ground out 6-3 (Groundball, 6, EV 82.5 MPH)
|
Batting: LHB Frank McConnell
|
0-0: Ball 1-0: Swinging Strike 1-1: Swinging Strike 1-2: Strikes out swinging
|
Bottom of the 6th over - 0 runs, 0 hits, 0 errors, 0 left on base; Chicago 6 - Detroit 1 |
TOP OF THE 7TH |
Chicago White Sox batting - Pitching for Detroit Tigers : RHP Steve McGaughey
|
Pitching: RHP Bobby Mott
|
|
Batting: SHB Gus Berry
|
0-0: Called Strike 0-1: Ball 1-1: Swinging Strike 1-2: Ball 2-2: Ball 3-2: DOUBLE (Groundball, 3L, EV 103.1 MPH)
|
Batting: RHB Dietmar Warmisch
|
0-0: Ball 1-0: Ball 2-0: Called Strike 2-1: Called Strike 2-2: Foul Ball, location: 2F 2-2: Ball 3-2: Foul Ball, location: 2F 3-2: Fly out, F7 (Flyball, 7D, EV 99.4 MPH)
|
Batting: RHB Dieter Knoops
|
0-0: Called Strike 0-1: Foul Ball, location: 2F 0-2: Ball 1-2: Strikes out swinging
|
Batting: LHB Sidney Pedder
|
0-0: Called Strike 0-1: Called Strike 0-2: Ball 1-2: Foul Ball, location: 2F 1-2: Foul Ball, location: 2F 1-2: Ball 2-2: Ball 3-2: Ground out U3 (Groundball, 3S, EV 73.1 MPH)
|
Top of the 7th over - 0 runs, 1 hit, 0 errors, 1 left on base; Chicago 6 - Detroit 1 |
BOTTOM OF THE 7TH |
Detroit Tigers batting - Pitching for Chicago White Sox : RHP Xenophon Valvis
|
Batting: LHB Conrad Taylor
|
0-0: Ball 1-0: Swinging Strike 1-1: Called Strike 1-2: Ball 2-2: Fly out, F8 (Flyball, 8RS, EV 89.4 MPH)
|
Batting: LHB Tyler Davis
|
0-0: Ball 1-0: Ball 2-0: Foul Ball, location: 2F 2-1: Foul Ball, location: 2F 2-2: Strikes out looking
|
Batting: SHB Ross Holland
|
0-0: Ball 1-0: Ball 2-0: Ball 3-0: Base on Balls
|
Batting: SHB Adam Weber
|
0-0: Called Strike 0-1: Ball 1-1: Foul Ball, location: 2F 1-2: SINGLE (Groundball, 4MD, EV 106.9 MPH) Ross Holland to second Runner from 2nd tries for 3rd, SAFE, throw by CF made to third Adam Weber to second
|
Batting: RHB Adrian Novakovic
|
0-0: Called Strike 0-1: Ball 1-1: Ball 2-1: Ball 3-1: Foul Ball, location: 2F 3-2: SINGLE (Groundball, 4D, EV 103.1 MPH) Ross Holland scores Adam Weber to third Runner from 3rd tries for Home, SAFE, throw by CF to home
|
Batting: RHB Jerry Jauregui
|
0-0: Fielders Choice at 2nd, 6-4 (Groundball, 6, EV 89.4 MPH)
|
Bottom of the 7th over - 2 runs, 2 hits, 0 errors, 1 left on base; Chicago 6 - Detroit 3 |
TOP OF THE 8TH |
Chicago White Sox batting - Pitching for Detroit Tigers : RHP Bobby Mott
|
Pitching: RHP Bobby Wright
|
|
Batting: RHB Brad Boals
|
0-0: Ball 1-0: Fly out, F8 (Flyball, 8RS, EV 87.5 MPH)
|
Batting: SHB Alfie Bungledorf
|
0-0: Called Strike 0-1: Swinging Strike 0-2: Ball 1-2: Ground out 4-3 (Groundball, 4D, EV 96.2 MPH)
|
Batting: SHB Bartholomeu Chambino
|
0-0: Ball 1-0: SINGLE (Line Drive, 9LS, EV 105.6 MPH)
|
Batting: LHB Randy Rosenberry
|
0-0: Ball 1-0: Called Strike 1-1: Fly out, F9 (Line Drive, 9, EV 95.0 MPH)
|
Top of the 8th over - 0 runs, 1 hit, 0 errors, 1 left on base; Chicago 6 - Detroit 3 |
BOTTOM OF THE 8TH |
Detroit Tigers batting - Pitching for Chicago White Sox : RHP Xenophon Valvis
|
Batting: RHB Rich Stinson
|
0-0: Ball 1-0: Ball 2-0: Ball 3-0: Called Strike 3-1: Foul Ball, location: 2F 3-2: Strikes out swinging
|
Batting: RHB Andres Leon
|
0-0: Called Strike 0-1: Ball 1-1: Ball 2-1: Ball 3-1: DOUBLE (Line Drive, 7LS, EV 90.6 MPH)
|
Batting: LHB Frank McConnell
|
0-0: Foul Ball, location: 2F 0-1: Foul Ball, location: 2F 0-2: Ball 1-2: Ball 2-2: Foul Ball, location: 2F 2-2: Ground out 6-3 (Groundball, 6M, EV 101.9 MPH) Andres Leon to third
|
Batting: LHB Conrad Taylor
|
0-0: Called Strike 0-1: Foul Ball, location: 2F 0-2: Foul Ball, location: 2F 0-2: Ball 1-2: Foul Ball, location: 2F 1-2: 2-RUN HOME RUN (Flyball, 7D, EV 96.9 MPH), Distance : 375 ft
|
Pitching: RHP Jacob Taylor
|
|
Batting: LHB Tyler Davis
|
0-0: Ball 1-0: Called Strike 1-1: Foul Ball, location: 2F 1-2: Foul Ball, location: 2F 1-2: Foul Ball, location: 2F 1-2: Hit by Pitch, AND HE CHARGES THE MOUND! The benches clear!
|
Pitching: LHP Rhett Beers
|
|
Pinch Runner at 1st Morgan Black:
|
|
Batting: SHB Ross Holland
|
0-0: Called Strike 0-1: Swinging Strike 0-2: Strikes out swinging
|
Bottom of the 8th over - 2 runs, 2 hits, 0 errors, 1 left on base; Chicago 6 - Detroit 5 |
TOP OF THE 9TH |
Chicago White Sox batting - Pitching for Detroit Tigers : RHP Bobby Wright
|
Pitching: RHP Chris Haselhorst
|
|
Now in LF: Morgan Black
|
|
Batting: RHB Joseph Disepolo
|
0-0: Ball 1-0: Ball 2-0: Called Strike 2-1: Foul Ball, location: 2F 2-2: Strikes out looking
|
Batting: SHB Gus Berry
|
0-0: Ball 1-0: Called Strike 1-1: Called Strike 1-2: Hit by Pitch
|
Batting: RHB Dietmar Warmisch
|
0-0: Ball 1-0: Foul Ball, location: 2F 1-1: Ball 2-1: Ball 3-1: Base on Balls Gus Berry to second
|
Batting: RHB Dieter Knoops
|
0-0: Ball 1-0: Ball 2-0: Foul Ball, location: 2F 2-1: Ball 3-1: Base on Balls Gus Berry to third Dietmar Warmisch to second
|
Batting: LHB Sidney Pedder
|
0-0: Called Strike 0-1: Foul Ball, location: 2F 0-2: Ball 1-2: Ball 2-2: Foul Ball, location: 2F 2-2: Ball 3-2: Base on Balls Gus Berry scores Dietmar Warmisch to third Dieter Knoops to second
|
Batting: RHB Brad Boals
|
0-0: Ball 1-0: Grounds into fielders choice 5-2 (Groundball, 5S, EV 68.1 MPH) Dieter Knoops to third Sidney Pedder to second
|
Batting: SHB Alfie Bungledorf
|
0-0: Foul Ball, location: 2F 0-1: SINGLE (Flyball, 3D, EV 89.4 MPH) Dieter Knoops scores Sidney Pedder to third Brad Boals to second Throwing error, E9 Sidney Pedder scores Brad Boals to third Alfie Bungledorf to second
|
Pitching: RHP Kevin Hockenbury
|
|
Batting: SHB Bartholomeu Chambino
|
0-0: Foul Ball, location: 2F 0-1: Called Strike 0-2: Ball 1-2: Foul Ball, location: 2F 1-2: Ball 2-2: Ground out 4-3 (Groundball, 4, EV 86.9 MPH)
|
Top of the 9th over - 3 runs, 1 hit, 1 error, 2 left on base; Chicago 9 - Detroit 5 |
BOTTOM OF THE 9TH |
Detroit Tigers batting - Pitching for Chicago White Sox : LHP Rhett Beers
|
Batting: SHB Adam Weber
|
0-0: Ball 1-0: Foul Ball, location: 2F 1-1: Foul Ball, location: 2F 1-2: SINGLE (Groundball, 4MD, EV 103.1 MPH)
|
Batting: RHB Adrian Novakovic
|
0-0: Ball 1-0: SINGLE (Line Drive, 34D, EV 96.9 MPH) Adam Weber to second
|
Batting: RHB Jerry Jauregui
|
0-0: Foul Ball, location: 2F 0-1: SINGLE (Groundball, 56D, EV 103.1 MPH) Adam Weber to third Adrian Novakovic to second
|
Batting: RHB Rich Stinson
|
0-0: Called Strike 0-1: Ball 1-1: Swinging Strike 1-2: Foul Ball, location: 2F 1-2: Ball 2-2: Ball 3-2: Fly out, F5 (Line Drive, 5, EV 66.2 MPH)
|
Batting: RHB Andres Leon
|
0-0: Ball 1-0: Ball 2-0: Foul Ball, location: 2F 2-1: Ball 3-1: Foul Ball, location: 2F 3-2: Foul Ball, location: 2F 3-2: Base on Balls Adam Weber scores Adrian Novakovic to third Jerry Jauregui to second
|
Pinch Hitting: RHB Dave Reynolds
|
0-0: Ball 1-0: Ball 2-0: Ball 3-0: Called Strike 3-1: Base on Balls Adrian Novakovic scores Jerry Jauregui to third Andres Leon to second
|
Batting: LHB Conrad Taylor
|
0-0: Ball 1-0: Swinging Strike 1-1: Ball 2-1: Swinging Strike 2-2: Foul Ball, location: 2F 2-2: Foul Ball, location: 2F 2-2: Ball 3-2: Grounds into double play, 6-4-3 (Groundball, 56D, EV 95.6 MPH)
|
Bottom of the 9th over - 2 runs, 3 hits, 0 errors, 2 left on base; Chicago 9 - Detroit 7 |
|